 Dungeon Crawl Stone Soup version 0.30-a0-639-g3916f1956a (webtiles) character file.

Game seed: 12015869774277157567

49 Vylera the Poker (level 3, -3/27 HPs)
             Began as a Demonspawn Gladiator on Jan 15, 2023.
             Slain by Terence
             ... wielding a +0 flail
              (8 damage)
             ... on level 2 of the Dungeon.
             The game lasted 00:02:46 (1125 turns).

Vylera the Poker (Demonspawn Gladiator)             Turns: 1125, Time: 00:02:46

Health: -3/27      AC:  3    Str: 16    XL:     3   Next: 53%
Magic:  12/12      EV: 12    Int:  9    God:
Gold:   60         SH:  0    Dex: 14    Spells: 2/2 levels left

rFire   . . .      SeeInvis .    a - +0 trident
rCold   . . .      Faith    .    (no shield)
rNeg    . . .      Spirit   .    f - +0 leather armour
rPois   .          Reflect  .    (helmet restricted)
rElec   .          Harm     .    (no cloak)
rCorr   .          Rampage  .    (no gloves)
Will    .....                    (no boots)
Stlth   +                        (no amulet)
HPRegen 0.24/turn                l - ring of magical power
MPRegen 0.13/turn                (no ring)

@: no status effects
A: antennae 1, demonic magic 1
a: no special abilities


You were on level 2 of the Dungeon.
You visited 1 branch of the dungeon, and saw 2 of its levels.

You collected 60 gold pieces.

Inventory:

Hand Weapons
 a - a +0 trident (weapon)
 b - a +0 sling
Missiles
 e - a javelin (quivered)
Armour
 c - a +0 helmet
 f - a +0 leather armour (worn)
Jewellery
 l - a ring of magical power (left hand)
Scrolls
 h - 4 scrolls of identify {unknown}
 j - a scroll of brand weapon {unknown}
 n - a scroll of enchant armour {unknown}
 p - a scroll of poison {unknown}
Potions
 g - a potion of lignification {unknown}
 i - 3 potions of degeneration {unknown}
 k - a potion of resistance {unknown}
 m - 2 potions of flight {unknown}
 o - a potion of might {unknown}


   Skills:
 - Level 2.0 Fighting
 * Level 4.2 Polearms
 - Level 1.7 Throwing
 - Level 2.6 Dodging


You had 2 spell levels left.
You didn't know any spells.
Your spell library was empty.

Dungeon Overview and Level Annotations

Branches:
Dungeon (2/15)

Altars:

Annotations:
D:2 Terence


Innate Abilities, Weirdness & Mutations

You have a pair of small antennae on your head.
Spells you cast may paralyse adjacent enemies.


Message History

You puncture Terence!
Terence is moderately wounded.
Terence struggles against the net.
You catch the helpless Terence completely off-guard!
You hit Terence.
Terence is heavily wounded.
Terence struggles against the net.
You hit Terence but do no damage.
Terence is heavily wounded.
Terence struggles against the net. x2
The net rips apart, and Terence comes free!
You hit Terence but do no damage.
Terence is heavily wounded.
Terence hits you with a +0 flail.
You barely miss Terence.
Terence is heavily wounded.
Terence barely misses you.
You closely miss Terence.
Terence is heavily wounded.
Terence hits you with a +0 flail.
You hit Terence but do no damage.
Terence is heavily wounded.
Terence hits you with a +0 flail.
You hit Terence but do no damage.
Terence is heavily wounded.
Terence hits you with a +0 flail!
* * * LOW HITPOINT WARNING * * *
Throw: 2 throwing nets
Press: ? - help, Q - select action, (/) - cycle Shift-Dir - straight line, f/p - Terence
Aim: Terence, wielding a +0 flail and wearing a +0 scale mail (heavily wounded, 63% to hit)
You throw a throwing net.
The throwing net closely misses Terence.
Terence closely misses you.
Throw: throwing net
Press: ? - help, Q - select action, (/) - cycle Shift-Dir - straight line, f/p - Terence
Aim: Terence, wielding a +0 flail and wearing a +0 scale mail (heavily wounded, 63% to hit)
You throw a throwing net.
The throwing net closely misses Terence.
Terence hits you with a +0 flail!
You die...

.. #.# #....#...............#
...##.# #.###..####.##.#.#..##
....<.# #.# #.......##.#.#..#
...#######.# #..........#.#..#
..
........###########....#..####
. ###.###.8......_#
#..###...... ................#
#..# #.##### ###.###.8......÷#
#..###.# #.......@..# #...##.#
#.#....÷@..# ##..##.#
#.#...8.8.## #>.##.#####
##.###.#### #..##.....# ##
..## #..######.# # ##. #..#
#.# ######.# #. #..# #.#
.......# #. #..# #.# #.######
.#####..######.#


You could see Terence.

Vanquished Creatures
  A dart slug (D:1)
  4 ball pythons
  3 endoplasms (D:1)
  5 giant cockroaches
  4 goblins
  3 hobgoblins
  2 jackals (D:2)
  6 kobolds
  5 quokkas
  3 bats
  2 frilled lizards (D:1)
  4 rats
42 creatures vanquished.

Notes
Turn   | Place    | Note
-------+----------+-------------------------------------------
     0 | D:1      | Vylera the Demonspawn Gladiator began the quest for the
                  | Orb.
     0 | D:1      | Reached XP level 1. HP: 16/16 MP: 1/1
    53 | D:1      | Reached skill level 3 in Polearms
    96 | D:1      | Gained mutation: You have a pair of small antennae on your
                  | head. [demonic ancestry]
    96 | D:1      | Reached XP level 2. HP: 17/22 MP: 2/2
   330 | D:1      | Gained mutation: Spells you cast may paralyse adjacent
                  | enemies. [demonic ancestry]
   330 | D:1      | Reached XP level 3. HP: 9/27 MP: 3/3
   665 | D:2      | Reached skill level 4 in Polearms
  1106 | D:2      | Found a faded altar of an unknown god.
  1111 | D:2      | Noticed Terence
  1125 | D:2      | Slain by Terence

Illustrated notes

Levels and vault maps discovered:
D:1:      saegor_arrival_simple_b, layout_basic
D:2:      layout_loops_ring, shapermc_ecumenical_altar_pompeii, minivault_4,
          uniq_terence

Skill      XL: |  1  2  3 |
---------------+----------+-----
Polearms       | 3 4 |  4.2
Fighting       | |  2.0
Throwing       | |  1.7
Dodging        | |  2.6

Action                   || total
-------------------------++-------
Melee: Trident           ||   115
 Fire: Sling             ||     2
Throw: Throwing net      ||     3
 Stab: Sleeping          ||     3
       Held in net/web   ||     1
Armor: Leather armour    ||    27
Dodge: Dodged            ||    62

Table legend: (Time is in decaauts)
 A = Elapsed time spent in this place.
 B = Non-inter-level travel time spent in this place.
 C = Inter-level travel time spent in this place.
 D = Time resting spent in this place.
 E = Time spent auto-exploring this place.
 F = Levels seen in this place.
 G = Mean time per level.
                   A        B        C        D        E       F      G
               +--------+--------+--------+--------+--------+-----+--------+
         Total |   1138 |   1121 |     17 |      0 |    860 |   2 |  569.0 |
       Dungeon |   1138 |   1121 |     17 |      0 |    860 |   2 |  569.0 |
               +--------+--------+--------+--------+--------+-----+--------+

Top non-repeatable levels by time:
     D:1: 639 daAuts
     D:2: 499 daAuts
